 Dungeon Crawl Stone Soup version 0.30-a0-739-gea05faddec (webtiles) character file.

Game seed: 8272975719252252802

4971 voltaire321 the Covert (level 10, -4/69 HPs)
             Began as an Octopode Brigand on Feb 4, 2023.
             Was a Believer of Nemelex Xobeh.
             Slain by a vampire mosquito (5 damage)
             ... on level 8 of the Dungeon.
             The game lasted 00:32:20 (9587 turns).

voltaire321 the Covert (Octopode Brigand)           Turns: 9587, Time: 00:32:21

Health: -4/69      AC:  1    Str: 11    XL:     10   Next: 53%
Magic:  2/15       EV: 15    Int: 17    God:    Nemelex Xobeh [**....]
Gold:   371        SH:  0    Dex: 14    Spells: 13/15 levels left

rFire   . . .      SeeInvis .    v - +2 dagger (speed)
rCold   . . .      Faith    .    (no shield)
rNeg    . . .      Spirit   .    (helmet restricted)
rPois   .          Reflect  .    (no amulet)
rElec   .          Harm     .    t - ring of willpower
rCorr   .          Rampage  .    (no ring)
Will    +....                    (no ring)
Stlth   +++++                    (no ring)
HPRegen 0.31/turn                (no ring)
MPRegen 0.14/turn                (no ring)
                                 (no ring)
                                 (no ring)

@: no status effects
A: almost no armour, amphibious, 8 rings, camouflage 1, gelatinous body 1,
(nimble swimmer 1), tentacles
a: Renounce Religion, Draw Escape, Draw Destruction, Draw Summoning


You were on level 8 of the Dungeon.
You worshipped Nemelex Xobeh.
Nemelex Xobeh was pleased with you.
You visited 2 branches of the dungeon, and saw 9 of its levels.
You also visited: Ossuary.

You collected 371 gold pieces.

Inventory:

Hand Weapons
 a - a +3 dagger
 q - a +0 dagger of draining
 v - a +2 dagger of speed (weapon)
 H - a +2 short sword
Missiles
 b - 18 poisoned darts
 c - 4 curare-tipped darts
 d - 3 boomerangs (quivered)
 F - 2 throwing nets
Jewellery
 r - a ring of ice
 t - a ring of willpower (left tentacle)
 B - the ring "Tivivvann" {rPois rN+ Int-5 Stlth+}
   (You found it on level 6 of the Dungeon)

   [ring of positive energy]

   Int:       It affects your intelligence (-5).
   rPois:     It protects you from poison.
   rN:        It protects you from negative energy.
   Stlth:     It makes you more stealthy.
Wands
 y - a wand of iceblast (8)
 z - a wand of polymorph (8)
 K - a wand of flame (18)
Scrolls
 i - a scroll of amnesia
 p - a scroll of noise {unknown}
 s - a scroll of vulnerability {unknown}
 u - a scroll of poison {unknown}
 w - 6 scrolls of identify
 x - 2 scrolls of fog
 D - a scroll of immolation {unknown}
 E - a scroll of magic mapping
 G - a scroll of butterflies {unknown}
 I - a scroll of teleportation
Potions
 e - a potion of brilliance
 f - a potion of ambrosia {unknown}
 g - 2 potions of mutation {unknown}
 h - 3 potions of heal wounds {unknown}
 j - 10 potions of curing
 k - 4 potions of attraction
 l - 2 potions of haste {unknown}
 m - 2 potions of lignification
 n - a potion of degeneration {unknown}
 o - a potion of might {unknown}
 A - 2 potions of flight {unknown}
 C - a potion of resistance {unknown}
 J - a potion of berserk rage {unknown}


   Skills:
 + Level 6.6 Fighting
 + Level 6.6 Short Blades
 - Level 6.0 Throwing
 + Level 6.4 Dodging
 + Level 10.5 Stealth
 + Level 3.4 Spellcasting
 + Level 1.9 Conjurations
 + Level 4.0 Invocations


You had 13 spell levels left.
You knew the following spells:

 Your Spells              Type           Power      Damage    Failure   Level
a - Searing Ray           Conj           18%        2d5       12%         2

Your spell library contained the following spells:

 Spells                   Type           Power      Damage    Failure   Level
 Magic Dart               Conj           36%        1d4       8%          1
 Apportation              Tloc           4%         N/A       17%         1
 Necrotise                Necr           8%         1d4       17%         1
 Summon Small Mammal      Summ           8%         N/A       17%         1
 Cigotuvi's Dreadful Rot  Necr/Pois/Air  4%         N/A       26%         2
 Lesser Beckoning         Tloc           4%         N/A       26%         2
 Poisonous Vapours        Pois/Air       4%         N/A       26%         2
 Sublimation of Blood     Necr           2%         N/A       26%         2
 Wereblood                Tmut           2%         N/A       26%         2
 Stone Arrow              Conj/Erth      12%        3d7       32%         3
 Mephitic Cloud           Conj/Pois/Air  5%         N/A       36%         3
 Gell's Gravitas          Tloc           2%         N/A       45%         3
 Teleport Other           Tloc           2%         N/A       45%         3
 Fulminant Prism          Conj/Hex       3%         3d5       73%         4
 Irradiate                Conj/Tmut      3%         3d12      97%         5
 Blade Hands              Tmut           1%         N/A       99%         5
 Dragon Form              Tmut           1%         N/A       100%        7
 Summon Hydra             Summ           1%         N/A       100%        7
 Lehudib's Crystal Spear  Conj/Erth      3%         10d2      100%        8
 Animate Armour           Summ/Erth      Unusable   N/A       N/A         4

Dungeon Overview and Level Annotations

Branches:
Dungeon (8/15)             Temple (1/1) D:4         Ossuary (visited)
   Lair: D:8-11

Altars:
Ashenzari
Cheibriados
Dithmenos
Elyvilon
Fedhas
Hepliaklqana
Kikubaaqudgha
Nemelex Xobeh
Okawaru
Qazlal
Ru
Trog
Uskayaw
Vehumet
Wu Jian
Yredelemnul
Zin
The Shining One

Shops:
D:1 :   D:3 (

Annotations:
D:5 1 runed translucent door, mandoloar's ghost, novice GrFi


Innate Abilities, Weirdness & Mutations

You cannot wear most types of armour.
You are amphibious.
You can wear up to eight rings at the same time.
Your skin changes colour to match your surroundings (Stealth+).
Your rubbery body absorbs attacks. (AC +1, EV +1)
((You are camouflaged when in or above water. (Stealth+)))
You have tentacles for arms and can constrict up to eight enemies at once.


Message History

The vampire mosquito misses you. The vampire mosquito bites you!
* * * LOW HITPOINT WARNING * * *
The vampire mosquito draws strength from your injuries!
The searing ray misses the vampire mosquito.
You finish channelling your searing ray.
The vampire mosquito closely misses you.
The vampire mosquito completely misses you.
Casting: Searing Ray (safe; 12% risk of failure)
Confirm with . or Enter, or press ? or * to list all spells.
Okay, then.
You feel better.
The vampire mosquito closely misses you.
The vampire mosquito completely misses you.
Casting: Searing Ray (safe; 12% risk of failure)
Confirm with . or Enter, or press ? or * to list all spells.
Aiming: Searing Ray (safe; 12% risk of failure)
Press: ? - help, Shift-Dir - straight line, f - vampire mosquito
Aim: a vampire mosquito (lightly damaged, 60% to hit)
The searing ray hits the vampire mosquito.
The vampire mosquito is moderately damaged. (Press . to maintain the ray.)
The vampire mosquito bites you but does no damage.
The vampire mosquito bites you.
* * * LOW HITPOINT WARNING * * *
The vampire mosquito draws strength from your injuries!
The searing ray misses the vampire mosquito.
The searing ray hits the orc.
The orc is moderately wounded.
The vampire mosquito bites you.
* * * LOW HITPOINT WARNING * * *
The vampire mosquito draws strength from your injuries!
The vampire mosquito bites you.
* * * LOW HITPOINT WARNING * * *
The vampire mosquito draws strength from your injuries!
The searing ray misses the vampire mosquito.
The searing ray hits the orc.
You kill the orc!
The vampire mosquito barely misses you. The vampire mosquito bites you.
You die...
Your body glows slightly and disappears.

##### #...#
#########...#####.
#<....@y))........
#########$........
###....... .......
......§ .....§.
.##oy§§ .# ...§ .#
..§


You could see a vampire mosquito.

Vanquished Creatures
  Pikel (D:6)
  Grinder (D:5)
  Sigmund (D:2)
  A vampire mosquito (D:8)
  Edmund (D:6)
  A water moccasin (D:7)
  2 orc warriors (D:7)
  3 ice beasts
  A black bear (D:7)
  2 ogres
  A lemure (D:6)
  3 phantoms
  4 kobold brigands
  3 necrophages
  12 scorpions
  6 wights
  2 howler monkeys
  An electric eel (D:7)
  A lava snake (D:7)
  A centaur zombie (Ossuary)
  4 hounds
  4 human zombies (Ossuary)
  5 orc priests
  6 iguanas
  7 scorpion zombies
  3 orc wizards
  3 hound zombies (D:4)
  3 mummies (Ossuary)
  16 gnolls
  9 adders
  A worm (D:2)
  4 dart slugs
  17 orcs
  An endoplasm (D:2)
  4 giant cockroaches
  6 goblins
  9 hobgoblins
  4 jackals (D:1)
  19 kobolds
  5 quokkas
  4 ball pythons
  5 bats
  5 frilled lizards (D:1)
  4 gnoll zombies (Ossuary)
  2 goblin zombies (Ossuary)
  3 hobgoblin zombies (Ossuary)
  A kobold zombie (Ossuary)
  3 orc zombies (Ossuary)
  3 rats
208 creatures vanquished.

Vanquished Creatures (collateral kills)
  An orc wizard (D:7)
1 creature vanquished.

Grand Total: 209 creatures vanquished

Notes
Turn   | Place    | Note
-------+----------+-------------------------------------------
     0 | D:1      | voltaire321 the Octopode Brigand began the quest for the
                  | Orb.
     0 | D:1      | Reached XP level 1. HP: 14/14 MP: 1/1
    79 | D:1      | Found Gykei's Book Shop.
   131 | D:1      | Reached XP level 2. HP: 13/19 MP: 2/2
   320 | D:1      | Reached XP level 3. HP: 21/24 MP: 3/3
   810 | D:2      | Noticed Sigmund
   827 | D:2      | Killed Sigmund
   828 | D:2      | Reached skill level 6 in Stealth
   828 | D:2      | Reached XP level 4. HP: 31/31 MP: 4/4
   828 | D:2      | Reached XP level 5. HP: 36/36 MP: 5/5
  1516 | D:3      | Noticed a kobold brigand
  1537 | D:3      | Killed a kobold brigand
  1538 | D:3      | Reached XP level 6. HP: 6/42 MP: 6/6
  1856 | D:3      | Found Xyut's Antique Weapon Boutique.
  2151 | D:3      | Found a sacrificial altar of Ru.
  2200 | D:3      | Found an ornate altar of the Wu Jian Council.
  2675 | D:4      | Found a shadowy altar of Dithmenos.
  2676 | D:4      | Found a sparkling altar of Nemelex Xobeh.
  2677 | D:4      | Found a hazy altar of Hepliaklqana.
  2747 | D:4      | Reached skill level 7 in Stealth
  2747 | D:4      | Reached XP level 7. HP: 42/47 MP: 7/7
  2790 | D:4      | Found a sand-covered staircase.
  2796 | Ossuary  | Entered an ossuary
  3413 | Ossuary  | Reached XP level 8. HP: 41/54 MP: 8/8
  3542 | Ossuary  | Reached skill level 8 in Stealth
  3829 | D:4      | Reached skill level 5 in Fighting
  3829 | D:4      | Reached skill level 5 in Short Blades
  3829 | D:4      | Reached skill level 5 in Throwing
  4001 | D:4      | Found a staircase to the Ecumenical Temple.
  4013 | Temple   | Entered the Ecumenical Temple
  4221 | D:4      | Found a basalt altar of Yredelemnul.
  4531 | D:4      | Reached XP level 9. HP: 59/61 MP: 9/9
  4804 | D:4      | Found an ancient bone altar of Kikubaaqudgha.
  4812 | D:4      | Became a worshipper of Nemelex Xobeh the Trickster
  4846 | D:5      | Entered Level 5 of the Dungeon
  4871 | D:5      | Reached skill level 5 in Dodging
  4871 | D:5      | Reached skill level 9 in Stealth
  5091 | D:5      | Reached skill level 1 in Invocations
  5191 | D:5      | Noticed Grinder
  5419 | D:5      | Found a runed translucent door.
  5421 | D:5      | Noticed mandoloar's ghost (novice GrFi)
  5458 | D:5      | Identified the +0 chain mail "Faywed" {Rampage Str+2
                  | Stlth+}
  5583 | D:5      | Reached skill level 1 in Spellcasting
  5859 | D:5      | Reached * piety under Nemelex Xobeh
  6127 | D:6      | Found a white marble altar of Elyvilon.
  6146 | D:6      | Found an iron altar of Okawaru.
  6193 | D:6      | Noticed Edmund
  6215 | D:6      | Killed Edmund
  6361 | D:6      | Noticed Pikel
  6377 | D:6      | Killed Pikel
  6485 | D:6      | Received a gift from Nemelex Xobeh
  6802 | D:5      | Killed Grinder
  7158 | D:6      | Reached XP level 10. HP: 58/68 MP: 13/13
  7275 | D:6      | Identified the ring "Tivivvann" {rPois rN+ Int-5 Stlth+}
  7365 | D:6      | Reached skill level 10 in Stealth
  7399 | D:6      | Received a gift from Nemelex Xobeh
  7427 | D:6      | Reached ** piety under Nemelex Xobeh
  7483 | D:6      | Learned a level 2 spell: Searing Ray
  8461 | D:7      | Reached skill level 1 in Conjurations
  9554 | D:8      | Found a stormy altar of Qazlal.
  9586 | D:8      | HP: 1/69 [vampire mosquito (3)]
  9587 | D:8      | Slain by a vampire mosquito

Illustrated notes

Levels and vault maps discovered:
D:1:      minmay_arrival_diagonal_passages, layout_rooms, serial_shops, shop,
          chequers_avenue, minmay_hedge_maze
D:2:      layout_basic, uniq_sigmund
D:3:      cheibrodos_thug_alley, layout_basic, nzn_wu_jian_contemplation,
          nicolae_ru_sacrificial_ziggurat, serial_shops, nicolae_lakefront_shop,
          st_stairs_5, minmay_curled_crystal
D:4:      layout_basic, nicolae_yredelemnul_corpse_copse,
          mainiacjoe_overflow_alcove_3, temple_pool_b,
          nicolae_ossuary_entry_plus, serial_bayou_pond_a
D:5:      layout_basic, ebering_ghost_reflecting_pool, uniq_grinder
D:6:      layout_basic, mainiacjoe_overflow_large_starburst,
          kennysheep_another_room, amcnicky_mini_corridor_feature, uniq_pikel,
          uniq_edmund
D:7:      layout_basic, nicolae_lava_and_water
D:8:      layout_basic, xom_redecorated, makhleb_grotto_becter,
          nicolae_qazlal_scattered_showers
Temple:   hellmonk_temple_flake

Skill      XL: |  1  2  3  4  5  6  7  8  9 10 |
---------------+-------------------------------+-----
Fighting       | 3 4 5 6 |  6.6
Short Blades   | 3 4 5 6 |  6.6
Throwing       | 3 4 5 6 |  6.0
Dodging        | 2 3 4 5 6 |  6.4
Stealth        | 6 7 8 9 10 | 10.5
Invocations    | 3 4 |  4.0
Spellcasting   | 2 3 |  3.4
Conjurations   | 1 |  1.9

Action                     |  1- 3 |  4- 6 |  7- 9 | 10-12 || total
---------------------------+-------+-------+-------+-------++-------
  Melee: Dagger            |    65 |    78 |   285 |   143 ||   571
         Constrict         |    16 |    22 |    55 |    27 ||   120
         Tentacles         |    14 |    19 |    73 |    47 ||   153
         Punch             |       |     1 |     2 |     4 ||     7
  Throw: Dart              |     4 |    35 |    55 |    29 ||   123
         Boomerang         |       |       |    60 |     7 ||    67
   Cast: Searing Ray       |       |       |       |     6 ||     6
 Invoke: Draw Summoning    |       |       |       |     1 ||     1
    Use: Scroll            |       |       |    11 |       ||    11
         Potion            |       |       |     1 |     1 ||     2
   Stab: Sleeping          |     6 |     4 |    18 |    12 ||    40
 Armour: Skin              |    11 |     1 |    13 |     4 ||    29
  Dodge: Dodged            |    52 |    24 |    92 |    46 ||   214

Table legend: (Time is in decaauts)
 A = Elapsed time spent in this place.
 B = Non-inter-level travel time spent in this place.
 C = Inter-level travel time spent in this place.
 D = Time resting spent in this place.
 E = Time spent auto-exploring this place.
 F = Levels seen in this place.
 G = Mean time per level.
                   A        B        C        D        E       F      G
               +--------+--------+--------+--------+--------+-----+--------+
         Total |   9347 |   9088 |    259 |   1767 |   4917 |  10 |  934.7 |
       Dungeon |   8193 |   7934 |    259 |   1248 |   4738 |   8 | 1024.1 |
        Temple |    160 |    160 |      0 |      0 |    134 |   1 |  160.0 |
       Ossuary |    992 |    992 |      0 |    519 |     45 |   1 |  992.0 |
               +--------+--------+--------+--------+--------+-----+--------+

Top non-repeatable levels by time:
     D:7: 1656 daAuts
     D:5: 1612 daAuts
     D:6: 1259 daAuts
     D:3: 1138 daAuts
     D:4: 1091 daAuts
 Ossuary: 992 daAuts
     D:2: 721 daAuts
     D:1: 677 daAuts
  Temple: 160 daAuts
     D:8: 36 daAuts
